[ AOE2 MATCH · #485767170 ]
UnrankedChinese vs Cumans
Player's team · WIN
Rival team · LOSS
[ REPLAY ANALYSIS · EXTRACTED FROM THE RECORDED GAME ]
Feudal
—
Castle
—
Imperial
—
| APM avg | 98.0 |
| APM peak | 143 |
| eAPM avg | 63.1 |
| Villagers / military | 191 / 195 |
Focus
⚔️ 65.4% · 🌾 34.6%
Fire Lancer ×105 · Skirmisher ×51 · Battering Ram ×17 · Scout Cavalry ×6 · Militia ×5 · Spearman ×5
Feudal
8:50
Castle
22:18
Imperial
33:22
| APM avg | 52.0 |
| APM peak | 96 |
| eAPM avg | 23.8 |
| Villagers / military | 192 / 82 |
Focus
⚔️ 30.7% · 🌾 69.3%
Cavalry Archer ×31 · Knight ×26 · Mangonel ×10 · Scout Cavalry ×7 · Trebuchet (Packed) ×4 · Monk ×2
Match map
Initial resources + every placement click. Lines = walls · curves = elevation contours. ◆ gold · ⬟ stone · ● berries · ✦ relic · ◌ wall gap
Your base· ✓ Closed at 18:36 · 44t walls · 1 gate(s)
Eduardo's base· ✓ Closed at 22:18 · 48t walls · no gate
Smoothed initial terrain · ◌ = detected wall gap · hover for details
Inputs per minute
— Saturno 1343 - - Eduardo
Build order — Saturno 1343
First 150 of 576 actions detected
| 0:01 | Research | Loom |
| 0:52 | Queue | Villager (Male) |
| 1:19 | Queue | Villager (Male) |
| 1:45 | Queue | Villager (Male) |
| 1:45 | Queue | Villager (Male) |
| 2:14 | Queue | Villager (Male) |
| 2:14 | Queue | Villager (Male) |
| 2:27 | Queue | Villager (Male) |
| 2:51 | Queue | Villager (Male) |
| 2:51 | Queue | Villager (Male) |
| 3:19 | Queue | Villager (Male) |
| 3:21 | Queue | Villager (Male) |
| 3:29 | Queue | Villager (Male) |
| 3:36 | Build | House |
| 3:51 | Queue | Villager (Male) |
| 4:28 | Queue | Villager (Male) |
| 4:30 | Build | House |
| 4:43 | Build | Lumber Camp |
| 4:55 | Queue | Villager (Male) |
| 4:56 | Queue | Villager (Male) |
| 5:04 | Queue | Villager (Male) |
| 5:11 | Queue | Villager (Male) |
| 5:29 | Queue | Villager (Male) |
| 5:36 | Queue | Villager (Male) |
| 5:36 | Queue | Villager (Male) |
| 5:45 | Build | Mill |
| 5:48 | Queue | Villager (Male) |
| 6:34 | Research | Feudal Age |
| 6:42 | Queue | Villager (Male) |
| 6:50 | Queue | Villager (Male) |
| 7:28 | Build | House |
| 8:09 | Build | Barracks |
| 8:47 | Research | Double-Bit Axe |
| 8:49 | Queue | Villager (Male) |
| 9:11 | Queue | Villager (Male) |
| 9:12 | Build | Stable |
| 9:14 | Queue | Villager (Male) |
| 9:16 | Build | Palisade Wall |
| 9:16 | Queue | Spearman |
| 9:39 | Queue | Villager (Male) |
| 9:46 | Build | Farm |
| 9:47 | Build | Farm |
| 9:47 | Queue | Villager (Male) |
| 9:53 | Queue | Villager (Male) |
| 9:55 | Build | House |
| 9:59 | Queue | Scout Cavalry |
| 10:02 | Research | Town Watch |
| 10:07 | Queue | Spearman |
| 10:11 | Build | House |
| 10:27 | Queue | Villager (Male) |
| 10:31 | Queue | Spearman |
| 10:32 | Queue | Villager (Male) |
| 10:48 | Build | Farm |
| 10:49 | Queue | Villager (Male) |
| 10:51 | Build | Farm |
| 10:53 | Build | Farm |
| 11:02 | Queue | Scout Cavalry |
| 11:18 | Queue | Villager (Male) |
| 11:23 | Build | Farm |
| 11:40 | Queue | Villager (Male) |
| 11:41 | Build | Farm |
| 11:46 | Build | Farm |
| 11:55 | Queue | Villager (Male) |
| 11:56 | Build | Farm |
| 12:07 | Queue | Villager (Male) |
| 12:11 | Build | House |
| 12:14 | Build | Farm |
| 12:14 | Queue | Villager (Male) |
| 12:21 | Queue | Scout Cavalry |
| 12:21 | Queue | Scout Cavalry |
| 12:40 | Build | Farm |
| 12:50 | Build | House |
| 12:53 | Queue | Villager (Male) |
| 13:01 | Queue | Villager (Male) |
| 13:01 | Queue | Villager (Male) |
| 13:05 | Build | Farm |
| 13:06 | Build | Farm |
| 13:09 | Queue | Scout Cavalry |
| 13:12 | Build | Palisade Wall |
| 13:14 | Build | House |
| 13:22 | Queue | Villager (Male) |
| 13:36 | Queue | Villager (Male) |
| 13:40 | Build | Farm |
| 13:40 | Queue | Villager (Male) |
| 13:49 | Build | Palisade Wall |
| 13:59 | Build | Palisade Wall |
| 14:11 | Queue | Villager (Male) |
| 14:15 | Build | Gate |
| 14:20 | Queue | Villager (Male) |
| 14:22 | Queue | Villager (Male) |
| 14:23 | Queue | Villager (Male) |
| 14:25 | Build | Farm |
| 14:27 | Build | Farm |
| 14:28 | Build | Farm |
| 14:29 | Queue | Villager (Male) |
| 14:32 | Queue | Villager (Male) |
| 14:49 | Build | House |
| 14:50 | Build | Palisade Wall |
| 14:58 | Queue | Villager (Male) |
| 15:01 | Queue | Spearman |
| 15:12 | Queue | Villager (Male) |
| 15:22 | Queue | Villager (Male) |
| 15:30 | Queue | Villager (Male) |
| 15:33 | Queue | Villager (Male) |
| 15:44 | Queue | Villager (Male) |
| 15:46 | Queue | Villager (Male) |
| 15:52 | Build | Farm |
| 15:55 | Build | House |
| 16:01 | Build | Mining Camp |
| 16:01 | Queue | Villager (Male) |
| 16:04 | Build | Mining Camp |
| 16:06 | Queue | Villager (Male) |
| 16:08 | Build | Farm |
| 16:13 | Build | Farm |
| 16:15 | Queue | Villager (Male) |
| 16:43 | Build | House |
| 16:46 | Build | Palisade Wall |
| 16:48 | Queue | Villager (Male) |
| 16:54 | Queue | Villager (Male) |
| 17:04 | Queue | Villager (Male) |
| 17:07 | Queue | Villager (Male) |
| 17:11 | Queue | Scout Cavalry |
| 17:17 | Queue | Villager (Male) |
| 17:30 | Queue | Villager (Male) |
| 17:37 | Queue | Villager (Male) |
| 17:44 | Queue | Villager (Male) |
| 17:48 | Queue | Villager (Male) |
| 17:52 | Build | Farm |
| 18:09 | Queue | Villager (Male) |
| 18:11 | Build | Blacksmith |
| 18:36 | Research | Castle Age |
| 18:36 | Research | Castle Age |
| 18:56 | Research | Scale Barding Armor |
| 19:03 | Research | Horse Collar |
| 19:03 | Research | Gold Mining |
| 19:12 | Queue | Villager (Male) |
| 20:45 | Queue | Villager (Male) |
| 20:54 | Research | Wheelbarrow |
| 21:02 | Queue | Villager (Male) |
| 21:20 | Build | Town Center |
| 21:23 | Research | Bow Saw |
| 21:33 | Queue | Villager (Male) |
| 21:39 | Build | Town Center |
| 21:41 | Queue | Villager (Male) |
| 21:51 | Research | Heavy Plow |
| 21:57 | Build | House |
| 21:58 | Build | House |
| 22:07 | Queue | Villager (Male) |
| 22:17 | Queue | Villager (Male) |
| 22:26 | Build | Lumber Camp |
Build order — Eduardo
First 150 of 428 actions detected
| 0:00 | Queue | Villager (Male) |
| 0:00 | Queue | Villager (Male) |
| 0:01 | Queue | Villager (Male) |
| 0:02 | Build | House |
| 0:02 | Build | House |
| 0:13 | Queue | Villager (Male) |
| 1:26 | Queue | Villager (Male) |
| 1:40 | Queue | Villager (Male) |
| 1:52 | Build | Lumber Camp |
| 2:02 | Queue | Villager (Male) |
| 2:29 | Queue | Villager (Male) |
| 3:06 | Queue | Villager (Male) |
| 3:21 | Queue | Villager (Male) |
| 3:23 | Build | House |
| 3:24 | Build | House |
| 3:50 | Queue | Villager (Male) |
| 4:16 | Build | Mill |
| 4:26 | Queue | Villager (Male) |
| 4:38 | Queue | Villager (Male) |
| 4:40 | Queue | Villager (Male) |
| 4:46 | Queue | Villager (Male) |
| 4:57 | Queue | Villager (Male) |
| 5:43 | Research | Loom |
| 5:56 | Queue | Villager (Male) |
| 6:32 | Research | Feudal Age |
| 7:22 | Build | Barracks |
| 7:28 | Build | House |
| 7:29 | Build | Palisade Wall |
| 7:52 | Queue | Villager (Male) |
| 7:58 | Queue | Villager (Male) |
| 7:59 | Queue | Villager (Male) |
| 8:29 | Build | House |
| 8:50 | Age | Feudal Age |
| 8:54 | Build | Stable |
| 9:02 | Build | Palisade Wall |
| 9:15 | Queue | Spearman |
| 9:35 | Queue | Scout Cavalry |
| 9:43 | Queue | Scout Cavalry |
| 9:45 | Research | Double-Bit Axe |
| 9:50 | Build | Farm |
| 9:51 | Build | Farm |
| 9:59 | Queue | Villager (Male) |
| 10:11 | Queue | Villager (Male) |
| 10:32 | Queue | Spearman |
| 10:42 | Queue | Villager (Male) |
| 10:56 | Queue | Villager (Male) |
| 10:57 | Build | Farm |
| 10:59 | Build | Farm |
| 11:03 | Queue | Scout Cavalry |
| 11:16 | Queue | Villager (Male) |
| 11:18 | Build | Farm |
| 11:27 | Queue | Villager (Male) |
| 11:41 | Queue | Villager (Male) |
| 11:51 | Queue | Scout Cavalry |
| 11:58 | Build | Farm |
| 12:16 | Build | House |
| 12:31 | Build | Town Center |
| 12:37 | Queue | Villager (Male) |
| 12:39 | Build | House |
| 12:59 | Queue | Villager (Male) |
| 13:03 | Research | Horse Collar |
| 13:21 | Queue | Villager (Male) |
| 13:27 | Queue | Scout Cavalry |
| 13:30 | Build | Farm |
| 13:37 | Build | House |
| 13:38 | Build | House |
| 13:49 | Build | Farm |
| 13:54 | Queue | Villager (Male) |
| 14:12 | Queue | Villager (Male) |
| 14:21 | Queue | Scout Cavalry |
| 14:43 | Queue | Villager (Male) |
| 14:53 | Build | Farm |
| 14:54 | Build | Farm |
| 15:02 | Queue | Villager (Male) |
| 15:04 | Build | Farm |
| 15:05 | Build | Farm |
| 15:32 | Queue | Villager (Male) |
| 15:44 | Queue | Villager (Male) |
| 15:45 | Build | Farm |
| 15:46 | Build | Farm |
| 15:46 | Build | Farm |
| 15:46 | Build | Farm |
| 15:46 | Build | Farm |
| 15:46 | Build | Farm |
| 15:57 | Build | Mining Camp |
| 16:01 | Queue | Scout Cavalry |
| 16:03 | Queue | Villager (Male) |
| 16:03 | Queue | Villager (Male) |
| 16:08 | Queue | Villager (Male) |
| 16:14 | Build | Palisade Wall |
| 16:21 | Queue | Villager (Male) |
| 16:26 | Build | House |
| 16:28 | Build | Palisade Wall |
| 16:42 | Queue | Villager (Male) |
| 16:51 | Queue | Villager (Male) |
| 16:54 | Build | House |
| 17:05 | Queue | Villager (Male) |
| 17:22 | Queue | Villager (Male) |
| 17:25 | Build | Blacksmith |
| 17:44 | Queue | Villager (Male) |
| 17:47 | Research | Wheelbarrow |
| 17:48 | Queue | Villager (Male) |
| 17:56 | Queue | Villager (Male) |
| 18:07 | Queue | Villager (Male) |
| 18:09 | Build | House |
| 18:20 | Build | Farm |
| 18:21 | Build | Farm |
| 18:23 | Build | Farm |
| 18:24 | Build | Farm |
| 18:25 | Build | Farm |
| 18:32 | Build | Palisade Wall |
| 18:47 | Queue | Villager (Male) |
| 19:08 | Build | Palisade Wall |
| 19:38 | Research | Castle Age |
| 19:55 | Build | House |
| 19:56 | Queue | Villager (Male) |
| 20:03 | Queue | Villager (Male) |
| 20:15 | Build | Stable |
| 20:18 | Research | Bloodlines |
| 20:25 | Queue | Villager (Male) |
| 20:44 | Research | Gold Mining |
| 20:59 | Queue | Villager (Male) |
| 21:06 | Queue | Villager (Male) |
| 21:10 | Build | House |
| 21:11 | Queue | Villager (Male) |
| 21:13 | Build | Lumber Camp |
| 21:14 | Queue | Villager (Male) |
| 21:16 | Build | Farm |
| 21:19 | Queue | Villager (Male) |
| 21:26 | Research | Forging |
| 21:32 | Queue | Villager (Male) |
| 21:39 | Build | Farm |
| 21:42 | Build | Farm |
| 21:50 | Build | Farm |
| 21:56 | Research | Town Watch |
| 22:01 | Build | House |
| 22:01 | Build | House |
| 22:03 | Queue | Villager (Male) |
| 22:09 | Build | Archery Range |
| 22:10 | Build | Archery Range |
| 22:16 | Queue | Villager (Male) |
| 22:18 | Age | Castle Age |
| 22:20 | Queue | Knight |
| 22:20 | Queue | Knight |
| 22:20 | Queue | Knight |
| 22:32 | Research | Bow Saw |
| 22:38 | Queue | Villager (Male) |
| 22:40 | Queue | Knight |
| 22:46 | Queue | Villager (Male) |
| 22:54 | Build | Farm |
Match timeline
| 7:22 | Eduardo · first_building Barracks |
| 7:29 | Eduardo · wall_segment Palisade Wall x3 |
| 8:09 | Saturno 1343 · first_building Barracks |
| 8:50 | Eduardo · age_up feudal |
| 8:54 | Eduardo · first_building Stable |
| 9:02 | Eduardo · wall_segment Palisade Wall x1 |
| 9:12 | Saturno 1343 · first_building Stable |
| 9:16 | Saturno 1343 · wall_segment Palisade Wall x1 |
| 13:12 | Saturno 1343 · wall_segment Palisade Wall x1 |
| 13:49 | Saturno 1343 · wall_segment Palisade Wall x19 |
| 13:59 | Saturno 1343 · wall_segment Palisade Wall x1 |
| 14:50 | Saturno 1343 · wall_segment Palisade Wall x3 |
| 16:14 | Eduardo · wall_segment Palisade Wall x24 |
| 16:28 | Eduardo · wall_segment Palisade Wall x7 |
| 16:46 | Saturno 1343 · wall_segment Palisade Wall x19 |
| 18:32 | Eduardo · wall_segment Palisade Wall x13 |
| 19:08 | Eduardo · wall_segment Palisade Wall x1 |
| 22:09 | Eduardo · first_building Archery Range |
| 22:18 | Eduardo · age_up castle |
| 24:07 | Eduardo · wall_segment Palisade Wall x1 |
| 24:11 | Saturno 1343 · wall_segment Stone Wall x11 |
| 24:14 | Saturno 1343 · wall_segment Stone Wall x1 |
| 24:20 | Eduardo · first_building Monastery |
| 24:55 | Saturno 1343 · wall_segment Stone Wall x3 |
| 25:44 | Saturno 1343 · first_building Monastery |
| 26:23 | Saturno 1343 · wall_segment Stone Wall x3 |
| 29:42 | Saturno 1343 · first_market_buy 100 food |
| 30:29 | Eduardo · first_building Castle |
| 30:50 | Saturno 1343 · first_building Castle |
| 31:41 | Saturno 1343 · first_building Siege Workshop |
| 33:22 | Eduardo · age_up imperial |
| 34:00 | Saturno 1343 · first_market_sell 100 wood |
| 34:19 | Eduardo · first_building Siege Workshop |
| 34:52 | Saturno 1343 · first_building Archery Range |
| 34:57 | Eduardo · first_market_sell 100 food |
| 41:07 | Saturno 1343 · wall_segment Stone Wall x3 |
| 45:25 | Eduardo · resign |
[ AI ANALYSIS · 1 CREDIT ]
What really happened in this match?
Wolo.gg analyzes every decision: build order, eco, micro, common mistakes by bracket. Personalized analysis on WhatsApp or Discord in 30 seconds.
Civ guide
Chinese
Perfil
Saturno 1343